 Dungeon Sprint DCSS version 0.27.1-1-g398f81649c (webtiles) character file.

Game seed: 6682908510108714705

19968 ugugthedestroyer the Severer (level 12, -1/121 HPs)
             Began as a Minotaur Fighter on Sept 9, 2021.
             Was the Champion of Okawaru.
             Slain by a fire dragon (8 damage)
             ... in the Dungeon (Sprint IX: "|||||||||||||||||||||||||||||").
             The game lasted 00:13:41 (1627 turns).

ugugthedestroyer the Severer (Minotaur Fighter)     Turns: 1627, Time: 00:13:42

Health: -1/121     AC: 30    Str: 31    XL:     12   Next: 41%
Magic:  13/13      EV: 10    Int:  7    God:    Okawaru [******]
Gold:   822        SH:  0    Dex:  7    Spells: 11/11 levels left

rFire    . . .     SeeInvis +   t - +11 battleaxe of Ru {flame, rC++ Will+ Int+2 Dex-4}
rCold    + + +     Faith    .   (shield currently unavailable)
rNeg     . . .     Spirit   .   d - +3 plate armour {rC+}
rPois    .         Reflect  .   (helmet restricted)
rElec    +         Harm     .   g - +1 cloak
rCorr    .         Rampage  .   y - +2 pair of gloves of Thoughtfulness {*Slow rElec SInv}
Will     +....     NoTele   +   r - +1 pair of boots
Stlth    ..........             w - amulet of regeneration
HPRegen  1.30/turn              o - +3 ring of strength
MPRegen  0.13/turn              p - +3 ring of strength

@: no status effects
A: horns 2, retaliatory headbutt
a: Renounce Religion, Heroism, Finesse


You were in the Dungeon.
You worshipped Okawaru.
Okawaru was exalted by your worship.
You visited 1 branch You collected 1933 gold pieces.
You spent 1111 gold pieces at shops.

Inventory:

Hand Weapons
 a - a +0 war axe
 m - a +5 war axe of freezing
 t - the +11 battleaxe of Ru (weapon) {flame, rC++ Will+ Int+2 Dex-4}
   (You bought it in a shop in the Dungeon)

   It burns those it strikes, dealing additional fire damage.
   Big, fiery blades are also staple armaments of hydra-hunters.
   Int:       It affects your intelligence (+2).
   Dex:       It affects your dexterity (-4).
   rC:        It greatly protects you from cold.
   Will:      It increases your willpower.
Armour
 b - a +0 scale mail
 d - a +3 plate armour of cold resistance (worn)
 g - a +1 cloak (worn)
 n - a +0 plate armour
 r - a +1 pair of boots (worn)
 s - a +0 pair of gloves
 y - the +2 pair of gloves of Thoughtfulness (worn) {*Slow rElec SInv}
   (You found it in the Dungeon)

   rElec:     It insulates you from electricity.
   SInv:      It lets you see invisible.
   *Slow:     It may slow you when you take damage.
Jewellery
 o - a +3 ring of strength (left hand)
 p - a +3 ring of strength (right hand)
 u - a ring of protection from fire
 v - a ring of willpower
 w - an amulet of regeneration (around neck)
 x - a ring of poison resistance
Wands
 l - a wand of iceblast (10)
Scrolls
 j - 5 scrolls of blinking
 k - 2 scrolls of amnesia
 q - 3 scrolls of fear
 A - a scroll of identify
 B - 2 scrolls of enchant weapon
Potions
 c - 3 potions of brilliance
 e - 4 potions of curing
 f - a potion of resistance
 h - 4 potions of magic
 i - 6 potions of heal wounds
 z - a potion of might


   Skills:
 + Level 15.4 Fighting
 + Level 20.2 Axes
 + Level 18.4 Armour
 + Level 4.9 Dodging
 + Level 7.9 Stealth
 - Level 16.2 Shields
 + Level 2.9 Invocations


You had 11 spell levels left.
You didn't know any spells.
Your spell library contained the following spells:

 Spells                   Type           Power      Damage    Failure   Level
 Passage of Golubria      Tloc           N/A        N/A       100%        4
 Silence                  Hex/Air        0%         N/A       100%        5
 Lehudib's Crystal Spear  Conj/Erth      0%         10d2      100%        8


Dungeon Overview and Level Annotations

Branches:
Dungeon (1/1)

Altars:
Cheibriados
Dithmenos
Elyvilon
Fedhas
Gozag
Hepliaklqana
Kikubaaqudgha
Makhleb
Nemelex Xobeh
Okawaru
Qazlal
Ru
Sif Muna
Trog
Uskayaw
Vehumet
Wu Jian
Xom
Yredelemnul
Zin
The Shining One
Beogh
Jiyva
Lugonu

Shops:
D *(?*


Innate Abilities, Weirdness & Mutations

You have a pair of horns on your head.
You reflexively headbutt those who attack you in melee.


Message History

You kill the hell knight!
Okawaru accepts your kill.
Your Axes skill increases to level 20!
The flayed ghost hits you but does no damage.
Things that are here:
a +1 great mace of distortion; a +0 plate armour You hit the flayed ghost.
You burn the flayed ghost.
The flayed ghost is lightly damaged.
The flayed ghost hits you but does no damage.
Unknown command.
You slice the flayed ghost!! You burn the flayed ghost.
Your headbutt misses the flayed ghost.
The flayed ghost is severely damaged.
The flayed ghost hits you but does no damage.
You slice the flayed ghost!! You burn the flayed ghost.
You destroy the flayed ghost!
Okawaru is honoured by your kill. Okawaru grants you armour!
Something appears at your feet!
You see here the +0 hat "Guthreu" {rF- Str+4}.
The terrible wounds on your body vanish.
The fire dragon breathes flames at you. The blast of flame hits you!!!
* * * LOW HITPOINT WARNING * * *
The fire dragon closely misses you.
The fire dragon claws you but does no damage.
The fire dragon tramples you but does no damage.
Unknown command.
You slice the fire dragon!! You headbutt the fire dragon!
The fire dragon is moderately wounded.
The fire dragon barely misses you.
The fire dragon claws you but does no damage.
The fire dragon misses you.
You closely miss the fire dragon.
The fire dragon is moderately wounded.
You slice the fire dragon!!
You headbutt the fire dragon, but do no damage.
The fire dragon is severely wounded.
The fire dragon barely misses you. The fire dragon claws you!
You die...

▓▓▓▓▓▓▓▓▓▓▓▓▓▓▓▓▓▓▓▓▓▓▓▓
.......)))(....[@DG....+
▓▓▓▓▓▓▓▓▓▓▓▓▓▓▓▓▓▓▓▓▓▓▓▓▓▓▓▓▓▓▓▓▓
..............)..................
▓▓▓▓▓▓▓▓▓▓▓▓▓▓▓▓▓▓▓▓▓▓▓▓▓▓▓▓▓▓▓▓.
....)))....∩)∩.∩.∩.).[.'.........
▓▓▓▓▓▓▓▓▓▓▓▓▓▓▓▓▓▓▓▓▓▓▓▓▓▓▓▓▓▓▓▓▓
.................................
▓▓▓▓▓▓▓▓▓▓▓▓▓▓▓▓▓▓▓▓▓▓▓▓▓▓▓▓▓▓▓▓.
†.....†........(.).'.....[..'....


You could see a fire dragon and a great orb of eyes.

Vanquished Creatures
  A tengu reaver (D)
  A great orb of eyes (D)
  A boulder beetle (D)
  2 hydras (D)
  3 two-headed ogres (D)
  4 ogre magi (D)
  A centaur warrior (D)
  A deep troll earth mage (D)
  A hell knight (D)
  A flayed ghost (D)
  2 orc knights (D)
  An oklob plant (D)
  3 manticores (D)
  A cyclops (D)
  A black mamba (D)
  A cane toad (D)
  A rime drake (D)
  An unseen horror (D)
  A freezing wraith (D)
  A komodo dragon (D)
  A blink frog (D)
  A wraith (D)
  3 yaks (D)
  2 basilisks (D)
  Eustachio (D)
  2 wargs (D)
  2 hell hounds (D)
  5 water moccasins (D)
  A black bear (D)
  10 orc warriors (D)
  2 sky beasts (D)
  5 wolves (D)
  7 ogres (D)
  2 bullfrogs (D)
  A jelly (D)
  3 orc priests (D)
  2 hounds (D)
  6 orc wizards (D)
  An adder zombie (D)
  An adder simulacrum (D)
  8 orcs (D)
  2 bats (D)
  A giant cockroach (D)
  A quokka (D)
  A kobold (D)
100 creatures vanquished.

Notes
Turn   | Place    | Note
-------+----------+-------------------------------------------
     0 | D        | ugugthedestroyer the Minotaur Fighter began the quest for
                  | the Orb.
     0 | D        | Reached XP level 1. HP: 19/19 MP: 0/0
    20 | D        | Noticed a sky beast
    20 | D        | Noticed a hound
    20 | D        | Noticed a hound
    20 | D        | Noticed a jelly
    20 | D        | Noticed a sky beast
    32 | D        | Killed a sky beast
    33 | D        | Reached skill level 5 in Axes
    33 | D        | Reached XP level 2. HP: 16/31 MP: 1/1
    33 | D        | Reached XP level 3. HP: 20/38 MP: 2/2
    33 | D        | Reached XP level 4. HP: 23/45 MP: 3/3
    39 | D        | Reached skill level 6 in Axes
    44 | D        | Reached XP level 5. HP: 18/52 MP: 4/4
    46 | D        | Reached skill level 7 in Axes
    46 | D        | Reached skill level 1 in Dodging
    57 | D        | Killed a sky beast
    58 | D        | Reached skill level 8 in Axes
    58 | D        | Reached XP level 6. HP: 37/61 MP: 5/5
    63 | D        | Found a snail-covered altar of Cheibriados.
    63 | D        | Found a shadowy altar of Dithmenos.
    63 | D        | Found a white marble altar of Elyvilon.
    63 | D        | Found a blossoming altar of Fedhas.
    63 | D        | Found an opulent altar of Gozag.
    64 | D        | Found a hazy altar of Hepliaklqana.
    65 | D        | Found a viscous altar of Jiyva.
    66 | D        | Found an ancient bone altar of Kikubaaqudgha.
    67 | D        | Found a corrupted altar of Lugonu.
    68 | D        | Found a burning altar of Makhleb.
    69 | D        | Found a sparkling altar of Nemelex Xobeh.
    70 | D        | Found an iron altar of Okawaru.
    71 | D        | Found a stormy altar of Qazlal.
    72 | D        | Found a sacrificial altar of Ru.
    73 | D        | Found a shimmering blue altar of Sif Muna.
    74 | D        | Found a bloodstained altar of Trog.
    75 | D        | Found a hide-covered altar of Uskayaw.
    76 | D        | Found a radiant altar of Vehumet.
    77 | D        | Found an ornate altar of the Wu Jian Council.
    78 | D        | Became a worshipper of Warmaster Okawaru
    79 | D        | Found a shimmering altar of Xom.
    80 | D        | Found a basalt altar of Yredelemnul.
    81 | D        | Found a glowing silver altar of Zin.
    82 | D        | Found a glowing golden altar of the Shining One.
   179 | D        | Noticed an orc warrior
   179 | D        | Noticed a yak
   182 | D        | Killed an orc warrior
   183 | D        | Reached skill level 9 in Axes
   191 | D        | Killed a yak
   192 | D        | Reached skill level 10 in Axes
   192 | D        | Reached skill level 10 in Armour
   192 | D        | Reached XP level 7. HP: 61/70 MP: 6/6
   199 | D        | Killed an unseen horror
   199 | D        | Reached * piety under Okawaru
   200 | D        | Reached skill level 11 in Axes
   396 | D        | Noticed a manticore
   396 | D        | Noticed a centaur warrior
   396 | D        | Noticed a basilisk
   396 | D        | Noticed a basilisk
   396 | D        | Noticed a wraith
   396 | D        | Noticed a boulder beetle
   399 | D        | Killed a manticore
   400 | D        | Reached skill level 1 in Stealth
   400 | D        | Reached skill level 10 in Shields
   400 | D        | Reached XP level 8. HP: 57/78 MP: 7/7
   402 | D        | Killed a centaur warrior
   402 | D        | Reached ** piety under Okawaru
   403 | D        | Reached skill level 10 in Fighting
   403 | D        | Reached skill level 12 in Axes
   415 | D        | Killed a boulder beetle
   415 | D        | Reached *** piety under Okawaru
   416 | D        | Reached skill level 13 in Axes
   416 | D        | Reached XP level 9. HP: 66/86 MP: 8/8
   703 | D        | Reached skill level 14 in Axes
   703 | D        | Reached skill level 5 in Stealth
   706 | D        | Reached **** piety under Okawaru
   707 | D        | Noticed a cane toad
   708 | D        | Noticed a four-headed hydra
   713 | D        | Killed a cane toad
   720 | D        | Killed a nine-headed hydra
   721 | D        | Reached skill level 15 in Armour
   721 | D        | Reached XP level 10. HP: 67/95 MP: 9/9
   731 | D        | Noticed an oklob plant
   731 | D        | Noticed a black mamba
   741 | D        | Killed an oklob plant
   742 | D        | Reached skill level 15 in Axes
   746 | D        | Killed a black mamba
   746 | D        | Reached ***** piety under Okawaru
  1151 | D        | Noticed an orc knight
  1159 | D        | Killed an orc knight
  1160 | D        | Reached skill level 16 in Axes
  1160 | D        | Reached XP level 11. HP: 82/104 MP: 7/10
  1241 | D        | Found Koan's Assorted Antiques.
  1241 | D        | Noticed a two-headed ogre
  1241 | D        | Noticed a two-headed ogre
  1241 | D        | Noticed an ogre mage
  1241 | D        | Noticed an ogre mage
  1244 | D        | Killed a two-headed ogre
  1246 | D        | Reached skill level 15 in Shields
  1249 | D        | Killed a two-headed ogre
  1249 | D        | Received a gift from Okawaru
  1252 | D        | Killed an ogre mage
  1252 | D        | Paralysed by something for 3 turns
  1253 | D        | Reached skill level 17 in Axes
  1258 | D        | Killed an ogre mage
  1259 | D        | Reached skill level 1 in Invocations
  1262 | D        | Found Qewoff's Weapon Shoppe.
  1265 | D        | Noticed a two-headed ogre
  1265 | D        | Found Ceifyps's Magic Scroll Emporium.
  1267 | D        | Found Kire Ped's General Store.
  1270 | D        | Killed a two-headed ogre
  1276 | D        | Noticed an ogre mage
  1285 | D        | Killed an ogre mage
  1285 | D        | Reached ****** piety under Okawaru
  1362 | D        | Bought the +11 battleaxe of Ru {flame, rC++ Will+ Int+2
                  | Dex-4} for 1111 gold pieces
  1404 | D        | Noticed Eustachio
  1410 | D        | Killed Eustachio
  1501 | D        | Got the +2 pair of gloves of Thoughtfulness {*Slow rElec
                  | SInv}
  1546 | D        | Noticed an orc knight
  1546 | D        | Noticed a six-headed hydra
  1546 | D        | Noticed an ogre mage
  1549 | D        | Reached skill level 18 in Axes
  1551 | D        | Noticed a tengu reaver
  1552 | D        | Noticed a great orb of eyes
  1553 | D        | Received a gift from Okawaru
  1562 | D        | Killed an orc knight
  1567 | D        | Killed a two-headed hydra
  1567 | D        | Received a gift from Okawaru
  1576 | D        | Killed a tengu reaver
  1577 | D        | Reached skill level 19 in Axes
  1577 | D        | Reached XP level 12. HP: 59/118 MP: 12/12
  1579 | D        | Killed an ogre mage
  1585 | D        | Killed a great orb of eyes
  1606 | D        | Noticed a deep troll earth mage
  1608 | D        | Noticed a fire dragon
  1609 | D        | Noticed a great orb of eyes
  1615 | D        | Killed a deep troll earth mage
  1616 | D        | Reached skill level 15 in Fighting
  1620 | D        | Reached skill level 20 in Axes
  1623 | D        | Identified the +0 hat "Guthreu" {rF- Str+4} (Okawaru gifted
                  | it to you in the Dungeon)
  1623 | D        | Received a gift from Okawaru
  1623 | D        | HP: 3/121 [fire dragon/blast of flame (37)]
  1627 | D        | Slain by a fire dragon

Illustrated notes

Levels and vault maps discovered:
D:        linesprint [early_d, line_temple, items_1, d_10, items_2, lair_1,
          lair_end, items_3, orc_1, orc_end, items_4, d_15, swamp_1, shoals_1,
          snake_1, spider_1, d_20, vaults_1, items_5, swamp_end, shoals_end,
          snake_end, spider_end, vaults_end, d_27, items_6, zot_1, zot_end,
          crypt_end, forest_end, elf_end, slime_end, tomb_end, abyss_end,
          pan_hell_end]

Skill      XL: |  1  2  3  4  5  6  7  8  9 10 11 12 |
---------------+-------------------------------------+-----
Fighting       | 6 7 9 10 11 14 15 | 15.4
Armour         | 6 7 8 10 11 13 15 16 17 18 | 18.4
Shields        | 6 7 9 10 11 12 14 16 | 16.2
Axes           | 5 6 8 10 11 13 14 16 19 20 | 20.2
Dodging        | 1 2 3 4 |  4.9
Stealth        | 1 3 6 7 |  7.9
Invocations    | 2 |  2.9

Action                   |  1- 3 |  4- 6 |  7- 9 | 10-12 || total
-------------------------+-------+-------+-------+-------++-------
Melee: War axe           |    21 |    35 |    63 |   140 ||   259
       Headbutt          |     2 |     9 |    19 |    41 ||    71
       Battleaxe         |       |       |       |    54 ||    54
Invok: Heroism           |       |       |       |     3 ||     3
  Use: Potion            |     1 |     1 |     4 |     5 ||    11
       Scroll            |       |       |     2 |     2 ||     4
 Stab: Invisible         |       |       |     3 |       ||     3
       Petrified         |       |       |     4 |       ||     4
Armor: Scale mail        |    10 |    18 |       |       ||    28
       Plate armour      |       |     3 |    21 |    65 ||    89
Dodge: Dodged            |     8 |     9 |     3 |    36 ||    56
Block: Kite shield       |     8 |    24 |    29 |    52 ||   113
